 Dungeon Crawl Stone Soup version 0.29-a0-664-gff9cad4a3d (webtiles) character file.

Game seed: 13236726853861623317

7026 inmateoo the Thaumaturge (level 11, -4/114 HPs)
             Began as a Formicid Transmuter on June 18, 2022.
             Was a Priest of Makhleb.
             Slain by a two-headed ogre
             ... wielding a +0 giant club
              (16 damage)
             ... on level 9 of the Dungeon on June 22, 2022.
             The game lasted 00:17:45 (12778 turns).

inmateoo the Thaumaturge (Formicid Transmuter)     Turns: 12778, Time: 00:17:46

Health: -4/114     AC: 25    Str: 15    XL:     11   Next: 29%
Magic:  20/23      EV:  2    Int: 25    God:    Makhleb [***...]
Gold:   1725       SH:  0    Dex: 12    Spells: 12/26 levels left

rFire   . . .      SeeInvis .     - Unarmed
rCold   . . .      Faith    .   (no shield)
rNeg    . . .      Spirit   .   (body armour currently unavailable)
rPois   +          Reflect  .   (helmet unavailable)
rElec   +          Harm     .   (cloak currently unavailable)
rCorr   +          Rampage  .   (gloves currently unavailable)
Will    +....                   (boots currently unavailable)
Stlth   +++.......              (no amulet)
HPRegen 0.29/turn               v - ring of magical power
MPRegen 0.18/turn               k - ring of Cophil {rElec rCorr MP-9 Int+8 Dex-2}

@: tree-form, invisible
A: stationary, stasis, torment immunity, boosted hp, permanent stasis, dig
shafts and tunnels, (antennae 3), four strong arms
a: Renounce Religion, Minor Destruction, Lesser Servant of Makhleb


You were on level 9 of the Dungeon.
You worshipped Makhleb.
Makhleb was most pleased with you.
You were a tree.
You visited 1 branch of the dungeon, and saw 9 of its levels.

You collected 1725 gold pieces.

Inventory:

Missiles
 c - 248 stones
 j - 2 throwing nets
Armour
 s - a +0 pair of boots (melded)
 t - a +0 cloak (melded)
 w - a +0 pair of gloves (melded)
 C - a +2 robe of the Archmagi (melded)
Magical Staves
 g - a staff of earth
 y - a staff of conjuration
Jewellery
 b - a ring of fire
 k - the ring of Cophil (right branch) {rElec rCorr MP-9 Int+8 Dex-2}
   (You found it on level 4 of the Dungeon)

   [ring of resist corrosion]

   Int:       It affects your intelligence (+8).
   Dex:       It affects your dexterity (-2).
   rElec:     It insulates you from electricity.
   MP:        It affects your magic capacity (-9).
   rCorr:     It protects you from acid and corrosion.
 v - a ring of magical power (left branch)
Wands
 a - a wand of quicksilver (9)
 f - a wand of iceblast (13)
 m - a wand of charming (8)
 n - a wand of polymorph (3)
 E - a wand of mindburst (5)
Scrolls
 l - 3 scrolls of magic mapping
 o - 2 scrolls of poison
 q - a scroll of enchant weapon
 z - 2 scrolls of fog
 F - a scroll of enchant armour
Potions
 e - 2 potions of mutation
 h - 4 potions of curing
 i - a potion of flight
 p - a potion of magic
 r - a potion of ambrosia
 u - a potion of cancellation
 x - 3 potions of brilliance


   Skills:
 + Level 3.9 Fighting
 + Level 3.7 Dodging
 - Level 5.0 Stealth
 + Level 7.4 Unarmed Combat
 + Level 8.3 Spellcasting
 + Level 4.7 Transmutations
 - Level 7.0 Ice Magic
 + Level 2.6 Earth Magic
 - Level 8.0 Poison Magic
 + Level 4.9 Invocations


You had 12 spell levels left.
You knew the following spells:

 Your Spells              Type           Power      Damage    Failure   Level
a - Beastly Appendage     Tmut           68%        N/A       1%          1
b - Wereblood             Tmut           34%        N/A       1%          2
c - Spider Form           Tmut/Pois      42%        N/A       1%          3
d - Olgreb's Toxic Radia  Pois           50%        N/A       2%          4
e - Ice Form              Ice/Tmut       39%        N/A       5%          4

Your spell library contained the following spells:

 Spells                   Type           Power      Damage    Failure   Level
 Sting                    Tmut/Pois      100%       1d8       1%          1
 Ensorcelled Hibernation  Hex/Ice        54%        N/A       1%          2
 Poisonous Vapours        Pois/Air       60%        N/A       1%          2
 Apportation              Tloc           20%        N/A       6%          1
 Slow                     Hex            40%        N/A       6%          1
 Summon Small Mammal      Summ           40%        N/A       6%          1
 Alistair's Intoxication  Tmut/Pois      28%        N/A       12%         5
 Call Canine Familiar     Summ           10%        N/A       17%         3
 Confusing Touch          Hex            10%        N/A       17%         3
 Summon Guardian Golem    Hex/Summ       10%        N/A       17%         3
 Yara's Violent Unravell  Hex/Tmut       11%        3d6       52%         5
 Enfeeble                 Hex            5%         N/A       100%        7


Dungeon Overview and Level Annotations

Branches:
Dungeon (9/15)             Temple (0/1) D:7            Lair (0/6) D:9
    Orc: D:9-12

Altars:
Cheibriados
Gozag
Makhleb
Ru
Sif Muna
Trog
Vehumet
Wu Jian
Yredelemnul


Innate Abilities, Weirdness & Mutations

You are a tree.
Your roots penetrate the ground, keeping you stationary.
You cannot be teleported.
You are immune to unholy pain and torment.
Your maximum health is greatly increased.
Your equipment is partially melded.
You cannot be hasted, slowed, berserked, paralysed or teleported.
You can dig through walls and to a lower floor.
((You have a pair of large antennae on your head. (SInv)))
Your four strong arms can wield two-handed weapons with a shield.


Message History

Okay, then.
It was a potion of invisibility.
You fade into invisibility!
The steam dragon looks even sicker.
Your toxic aura wanes.
The steam dragon bites you.
* * * LOW HITPOINT WARNING * * *
The steam dragon claws you but does no damage.
Unknown command.
Okay, then.
It was a potion of heal wounds.
You feel much better. The steam dragon breathes steam at you.
The ball of steam misses you. The two-headed ogre misses you.
The two-headed ogre hits you with a +0 giant spiked club!!
* * * LOW HITPOINT WARNING * * *
Unknown command.
Really quaff the potion of lignification?
Really become a tree while standing in a cloud of steam?
You turn into a tree.
Your +0 cloak melds into your body.
Your +0 pair of gloves melds into your body.
Your +0 pair of boots melds into your body.
Your +2 robe of the Archmagi melds into your body.
You feel strangely numb.
Your roots penetrate the ground.
* * * LOW HITPOINT WARNING * * *
The steam dragon bites you but does no damage.
The steam dragon claws you.
* * * LOW HITPOINT WARNING * * *
Unknown command.
You smack the steam dragon!
The steam dragon is severely wounded.
The steam dragon bites you but does no damage.
The steam dragon completely misses you.
You pummel the steam dragon!!
You kill the steam dragon!
Makhleb accepts your kill.
You feel better.
You smack the two-headed ogre!
The two-headed ogre is severely wounded.
The two-headed ogre hits you with a +0 giant club!
You die...

##########.....# #.......#
#........#.....#....#.......#
#........#....##....#.......#
#........#....#.....#......##
#........#....#.....#......#
.......>.#....#.... #......#
.......###....#... #......#
.......#......#†O####......#
.......#......#.♣'..>......#
.......####...#..#.........#
..........#...####.........#
..>.......#................#
..........#................#
..........'................#
..........#.............)..#
..........#................#
..≈≈≈≈≈≈..........##+##....#


You could see a two-headed ogre (can't see you, poisoned).

Vanquished Creatures
  Pikel (D:8)
  A manticore (D:8)
  A troll (D:9)
  Sigmund (D:4)
  A shadow (D:9)
  2 wyverns
  5 yaks
  A ynoxinul (D:9)
  A steam dragon (D:9)
  An acid dragon (D:9)
  4 orc warriors
  An ice beast (D:7)
  A sky beast (D:8)
  An ogre (D:5)
  2 black bears (D:5)
  5 centaurs
  A wolf (D:8)
  2 phantoms
  3 lemures (D:8)
  4 kobold brigands
  A gnoll sergeant (D:9)
  A necrophage (D:5)
  4 bullfrogs
  A scorpion (D:4)
  10 wights
  4 killer bees
  4 electric eels (D:9)
  5 orc priests
  2 jellies
  3 gnoll shamans
  Crazy Yiuf (D:6)
  9 hounds
  6 iguanas
  8 orc wizards
  11 gnolls
  6 adders
  3 white imps
  A worm (D:5)
  3 dart slugs
  24 orcs
  5 endoplasms
  6 giant cockroaches
  14 hobgoblins
  16 kobolds
  10 quokkas
  3 ball pythons
  4 bats
  7 frilled lizards
  5 goblins
  4 rats
220 creatures vanquished.

Vanquished Creatures (others)
  An adder (D:5)
  A plant (D:7)
2 creatures vanquished.

Grand Total: 222 creatures vanquished

Notes
Turn   | Place    | Note
-------+----------+-------------------------------------------
     0 | D:1      | inmateoo the Formicid Transmuter began the quest for the
                  | Orb.
     0 | D:1      | Reached XP level 1. HP: 15/15 MP: 3/3
   233 | D:1      | Reached XP level 2. HP: 20/21 MP: 3/5
   543 | D:1      | Found a faded altar of an unknown god.
  1034 | D:1      | Learned a level 2 spell: Wereblood
  1182 | D:2      | Identified the +2 whip "Spiderslayer" {vamp, Str+2}
  1210 | D:2      | Reached XP level 3. HP: 26/26 MP: 4/6
  1214 | D:2      | Learned a level 3 spell: Spider Form
  1652 | D:2      | Reached XP level 4. HP: 22/33 MP: 5/7
  1983 | D:2      | Reached skill level 1 in Stealth
  2186 | D:2      | Found a basalt altar of Yredelemnul.
  2391 | D:3      | Reached skill level 1 in Poison Magic
  2567 | D:3      | Reached XP level 5. HP: 26/38 MP: 4/8
  2636 | D:3      | Found an ornate altar of the Wu Jian Council.
  2701 | D:3      | Found a burning altar of Makhleb.
  2726 | D:3      | Became a worshipper of Makhleb the Destroyer
  3133 | D:4      | Noticed Sigmund
  3137 | D:4      | Killed Sigmund
  3138 | D:4      | Reached XP level 6. HP: 31/45 MP: 7/10
  3310 | D:4      | Found an opulent altar of Gozag.
  3360 | D:4      | Identified the ring of Cophil {rElec rCorr MP-9 Int+8
                  | Dex-2}
  4170 | D:4      | Reached XP level 7. HP: 51/51 MP: 11/11
  4456 | D:4      | Identified the +11 falchion of Ytzosi {vamp, Dex+3}
  4781 | D:5      | Entered Level 5 of the Dungeon
  4917 | D:5      | Reached * piety under Makhleb
  4977 | D:5      | Reached skill level 5 in Unarmed Combat
  5325 | D:4      | Learned a level 4 spell: Olgreb's Toxic Radiance
  5325 | D:4      | Identified a scroll of acquirement
  5325 | D:4      | Acquired 1214 gold pieces
  5419 | D:5      | Reached XP level 8. HP: 57/58 MP: 7/13
  5896 | D:5      | Learned a level 4 spell: Ice Form
  5993 | D:5      | Found a radiant altar of Vehumet.
  6566 | D:5      | Found a snail-covered altar of Cheibriados.
  6753 | D:5      | Reached skill level 1 in Ice Magic
  7481 | D:6      | Found a runed translucent door.
  7490 | D:6      | Noticed Crazy Yiuf
  7501 | D:6      | Killed Crazy Yiuf
  7502 | D:6      | Reached XP level 9. HP: 35/63 MP: 10/15
  7775 | D:6      | Reached skill level 5 in Stealth
  7873 | D:7      | Reached ** piety under Makhleb
  7883 | D:7      | Reached skill level 5 in Poison Magic
  8182 | D:7      | Found a staircase to the Ecumenical Temple.
  8228 | D:7      | Reached skill level 5 in Spellcasting
  8386 | D:7      | Found a sacrificial altar of Ru.
  9517 | D:8      | Reached XP level 10. HP: 44/70 MP: 19/19
  9821 | D:8      | Reached skill level 5 in Ice Magic
  9980 | D:8      | Noticed Pikel
  9996 | D:8      | Killed Pikel
 10099 | D:8      | Noticed a manticore
 10112 | D:8      | Killed a manticore
 11178 | D:8      | Reached *** piety under Makhleb
 11599 | D:9      | Found a staircase to the Lair.
 11625 | D:9      | Found a bloodstained altar of Trog.
 11647 | D:9      | HP: 3/70 [bullfrog (3)]
 11652 | D:9      | Reached XP level 11. HP: 24/75 MP: 19/23
 11742 | D:9      | Reached skill level 1 in Earth Magic
 11895 | D:9      | Found a shimmering blue altar of Sif Muna.
 11920 | D:9      | Got Sif Muna's Papyrus of the Enthralling Traveller
 12104 | D:9      | Upgraded the game from 0.29-a0-620-g13ace881f2 to
                  | 0.29-a0-664-gff9cad4a3d
 12187 | D:9      | Identified the +9 spear "Tikaic" {holy, rC- rN++ Dex+2
                  | SInv}
 12770 | D:9      | Noticed a two-headed ogre
 12773 | D:9      | HP: 3/76 [steam dragon (3)]
 12778 | D:9      | Slain by a two-headed ogre

Illustrated notes

Levels and vault maps discovered:
D:1:      dpeg_arrival_line_fractal, layout_loops_cross,
          ebering_ecumenical_altar_rust
D:2:      layout_basic, basic_altar
D:3:      layout_loops_cross, bloody_makhleb, nicolae_overflow_hidden_temple,
          chequers_serial_rivers_small_b, kennysheep_generic_room_7
D:4:      layout_loops_corners, lemuel_tele_altar, uniq_sigmund
D:5:      layout_cave_pools, mainiacjoe_overflow_alcove_4,
          nicolae_vehumet_radiance, gup_sewer_entry_pipe, minmay_joined_circles
D:6:      layout_basic, uniq_crazy_yiuf_cottage
D:7:      layout_rooms, nicolae_ru_the_path_less_chosen,
          minmay_temple_entry_overgrown, minmay_unpleasant_kobolds
D:8:      layout_gridville, minmay_crystal_water, uniq_pikel
D:9:      kennysheep_ambush_hall, layout_irregular_city,
          nzn_overflow_gifts_of_might_and_magic, erik_lair_island,
          serial_column_ruins, column_ruins_corridor_T, column_ruins_grid_1,
          column_ruins_columns_corner, column_ruins_open_tiny,
          column_ruins_open_tiny, column_ruins_columns_straight

Skill      XL: |  1  2  3  4  5  6  7  8  9 10 11 |
---------------+----------------------------------+-----
Dodging        | 2 3 |  3.7
Stealth        | 1 2 3 4 5 |  5.0
Poison Magic   | 1 2 3 4 7 8 |  8.0
Fighting       | 2 3 |  3.9
Unarmed Combat | 4 5 6 7 |  7.4
Spellcasting   | 3 4 6 8 |  8.3
Transmutations | 3 4 |  4.7
Ice Magic      | 1 4 7 |  7.0
Invocations    | 4 |  4.9
Earth Magic    | 2 |  2.6

Action                   |  1- 3 |  4- 6 |  7- 9 | 10-12 || total
-------------------------+-------+-------+-------+-------++-------
Melee: Unarmed           |    90 |   127 |   300 |   124 ||   641
       Kick              |    18 |    34 |    29 |     3 ||    84
       Punch             |     3 |     3 |     6 |     4 ||    16
 Cast: Beastly Appendage |    13 |    18 |    10 |     2 ||    43
       Wereblood         |     1 |    10 |    17 |     4 ||    32
       Spider Form       |       |       |    14 |       ||    14
       Olgreb's Toxic Ra |       |       |     6 |    24 ||    30
       Ice Form          |       |       |     3 |    12 ||    15
Evoke: Wand              |       |     3 |     5 |     1 ||     9
  Use: Scroll            |     8 |     6 |    10 |     2 ||    26
       Potion            |       |     1 |     1 |     5 ||     7
 Stab: Sleeping          |     2 |     5 |     4 |       ||    11
Armor: Robe              |    13 |    12 |    25 |    28 ||    78
       Skin              |       |     2 |    14 |    92 ||   108
Dodge: Dodged            |    61 |    63 |   189 |   162 ||   475

Table legend: (Time is in decaauts)
 A = Elapsed time spent in this place.
 B = Non-inter-level travel time spent in this place.
 C = Inter-level travel time spent in this place.
 D = Time resting spent in this place.
 E = Time spent auto-exploring this place.
 F = Levels seen in this place.
 G = Mean time per level.
                   A        B        C        D        E       F      G
               +--------+--------+--------+--------+--------+-----+--------+
         Total |  12728 |  12443 |    285 |   6231 |   4020 |   9 | 1414.2 |
       Dungeon |  12728 |  12443 |    285 |   6231 |   4020 |   9 | 1414.2 |
               +--------+--------+--------+--------+--------+-----+--------+

Top non-repeatable levels by time:
     D:8: 2263 daAuts
     D:4: 2163 daAuts
     D:5: 1805 daAuts
     D:1: 1262 daAuts
     D:9: 1217 daAuts
     D:7: 1216 daAuts
     D:2: 1010 daAuts
     D:6: 1009 daAuts
     D:3: 779 daAuts
